 Dungeon Crawl Stone Soup version 0.31.0-4-g52a2dc7128 (webtiles) character file.

Game seed: 16386573391803395365

510250 inmateoo the Shatterer (level 25, 0/180 HPs)
             Began as a Gargoyle Fighter on Jan 21, 2024.
             Was an Initiate of Gozag.
             Killed from afar by a Brimstone Fiend (40 damage)
             ... with damnation
             ... summoned by a dread lich
             ... on level 5 of the Vaults.
             The game lasted 00:54:12 (46577 turns).

inmateoo the Shatterer (Gargoyle Fighter)          Turns: 46577, Time: 00:54:12

Health: 0/180      AC: 60    Str: 33    XL:     25   Next: 50%
Magic:  24/25      EV: 14    Int:  9    God:    Gozag
Gold:   12231      SH: 20    Dex:  6    Spells: 24/24 levels left

rFire   + + .        b - +7 sceptre of Torment {pain, torment}
rCold   + + +        U - +1 tower shield {rC+ rF+}
rNeg    + . .        L - +10 gold dragon scales
rPois   ∞            c - +0 mask of the Dragon {Will+ Slay+3 SInv}
rElec   +            B - +2 cloak of Nihilism {Regen+ Dex-4 Slay+3 SInv}
rCorr   +            E - +0 pair of gloves
SInv    +            F - +1 pair of boots
Will    +++..        Y - amulet of regeneration Stlth
                     t - ring "Tieghum" {Fly rPois rC+ rCorr Int+4}
HPRegen 2.10/turn    T - ring of Disaster {rPois Will+ EV+5 Int-4 SInv}
MPRegen 0.19/turn

%: no passive effects
@: gold aura, flying, studying Throwing
A: sickness immunity, AC +19, big wings, negative energy resistance 1,
electricity resistance, torment resistance 1, petrification resistance, strong
1, persistent drain
}: 2/15 runes: decaying, gossamer
a: Renounce Religion, Potion Petition, Call Merchant, Bribe Branch


You were on level 5 of the Vaults.
You worshipped Gozag.
Gozag was extremely pleased with you.
You visited 9 branches of the dungeon, and saw 43 of its levels.
You also visited: Bailey, Gauntlet, Ice Cave, Wizlab and Desolation.

You collected 23545 gold pieces.
You spent 5566 gold pieces at shops.
You paid 5748 gold pieces to Gozag.

Inventory:

Hand Weapons
 b - the +7 sceptre of Torment (weapon) {pain, torment}
   (You found it on level 2 of the Dungeon)
Missiles
 u - 5 throwing nets
Armour
 c - the +0 mask of the Dragon (worn) {Will+ Slay+3 SInv}
   (You bought it in a shop on level 11 of the Dungeon)

   Slay+3:    It affects your accuracy & damage with ranged weapons and melee
   (+3).
   Will+:     It increases your willpower.
   SInv:      It lets you see invisible.
 B - the +2 cloak of Nihilism (worn) {Regen+ Dex-4 Slay+3 SInv}
   (You bought it in a shop on level 1 of the Depths)

   Dex-4:     It affects your dexterity (-4).
   Slay+3:    It affects your accuracy & damage with ranged weapons and melee
   (+3).
   SInv:      It lets you see invisible.
   Regen+:    It increases your rate of health regeneration.
 E - a +0 pair of gloves (worn)
 F - a +1 pair of boots (worn)
 L - +10 gold dragon scales (worn)
 U - a +1 tower shield of resistance (worn)
 Z - the +0 cloak of Waniz {rCorr MP+9 Str+5}
   (You found it on level 1 of the Spider Nest)

   Str+5:     It affects your strength (+5).
   MP+9:      It affects your magic capacity (+9).
   rCorr:     It protects you from acid and corrosion.
Jewellery
 t - the ring "Tieghum" (left hand) {Fly rPois rC+ rCorr Int+4}
   (You found it in the Desolation of Salt)

   [ring of flight]

   Int+4:     It affects your intelligence (+4).
   rC+:       It protects you from cold.
   rPois:     It protects you from poison Fly: It grants you flight.
   rCorr:     It protects you from acid and corrosion.
 w - the ring "Sirgha" {Fly rPois rN++ rCorr Dex-5}
   (You took it off a deep elf death mage on level 3 of the Elven Halls)

   [ring of poison resistance]

   Dex-5:     It affects your dexterity (-5).
   rPois:     It protects you from poison rN++: It greatly protects you from
   negative energy.
   Fly:       It grants you flight.
   rCorr:     It protects you from acid and corrosion.
 y - a ring of wizardry
 T - the ring of Disaster (right hand) {rPois Will+ EV+5 Int-4 SInv}
   (You found it in the Desolation of Salt)

   [ring of evasion]

   EV+5:      It affects your evasion (+5).
   Int-4:     It affects your intelligence (-4).
   rPois:     It protects you from poison Will+: It increases your willpower.
   SInv:      It lets you see invisible.
 Y - an amulet of regeneration (around neck)
Wands
 a - a wand of flame (24)
 e - a wand of acid (16)
 p - a wand of mindburst (15)
 s - a wand of iceblast (24)
 J - a wand of digging (19)
Scrolls
 f - a scroll of silence
 g - a scroll of immolation
 k - 21 scrolls of teleportation
 m - 5 scrolls of noise
 n - 9 scrolls of blinking
 q - 3 scrolls of amnesia
 r - 6 scrolls of poison
 v - 4 scrolls of revelation
 x - 8 scrolls of fog
 H - 10 scrolls of fear
 I - 9 scrolls of enchant weapon
 O - 27 scrolls of identify
 P - 3 scrolls of summoning
 X - 3 scrolls of brand weapon
Potions
 d - 6 potions of might
 h - 5 potions of invisibility
 i - 12 potions of heal wounds
 j - 10 potions of haste
 l - 4 potions of mutation
 o - 4 potions of berserk rage
 z - 9 potions of ambrosia
 A - 21 potions of curing
 C - 6 potions of resistance
 G - 3 potions of brilliance
 K - 2 potions of cancellation
 M - 2 potions of magic


   Skills:
 + Level 24.5 Fighting
 * Level 24.8 Maces & Flails
 + Level 19.9 Armour
 * Level 15.2 Dodging
 + Level 19.4 Shields
 - Level 6.0 Necromancy
 + Level 2.8 Invocations


You had 24 spell levels left.
You didn't know any spells.
Your spell library contained the following spells:

 Spells                   Type           Power      Damage    Failure   Level
 Necrotise                Necr           40%        1d6       41%         1
 Fugue of the Fallen      Necr           10%        N/A       78%         3
 Apportation              Tloc           0%         N/A       99%         1
 Foxfire                  Conj/Fire      0%         2x1d4     99%         1
 Magic Dart               Conj           0%         1d3       99%         1
 Sandblast                Erth           0%         2d4       99%         1
 Sting                    Conj/Alch      0%         1d3       99%         1
 Summon Small Mammal      Summ           0%         N/A       99%         1
 Blink                    Tloc           0%         N/A       100%        2
 Call Imp                 Summ           0%         N/A       100%        2
 Jinxbite                 Hex            0%         N/A       100%        2
 Lesser Beckoning         Tloc           0%         N/A       100%        2
 Mercury Vapours          Alch/Air       0%         N/A       100%        2
 Momentum Strike          Conj/Tloc      0%         3d8       100%        2
 Call Canine Familiar     Summ           0%         N/A       100%        3
 Dazzling Flash           Conj/Hex       0%         N/A       100%        3
 Gell's Gravitas          Tloc           0%         N/A       100%        3
 Inner Flame              Hex/Fire       0%         N/A       100%        3
 Mephitic Cloud           Conj/Alch/Air  0%         N/A       100%        3
 Ozocubu's Armour         Ice            0%         N/A       100%        3
 Passwall                 Erth           0%         N/A       100%        3
 Stone Arrow              Conj/Erth      0%         3d7       100%        3
 Summon Ice Beast         Ice/Summ       0%         N/A       100%        3
 Teleport Other           Tloc           0%         N/A       100%        3
 Tukima's Dance           Hex            0%         N/A       100%        3
 Brom's Barrelling Bould  Conj/Erth      0%         2d3       100%        4
 Cause Fear               Hex            0%         N/A       100%        4
 Flame Wave               Conj/Fire      0%         2d4       100%        4
 Fulminant Prism          Conj/Alch      0%         3d5       100%        4
 Ignite Poison            Fire/Alch      0%         N/A       100%        4
 Leda's Liquefaction      Alch/Erth      0%         N/A       100%        4
 Manifold Assault         Tloc           0%         N/A       100%        4
 Olgreb's Toxic Radiance  Alch           0%         N/A       100%        4
 Passage of Golubria      Tloc           0%         N/A       100%        4
 Petrify                  Alch/Erth      0%         N/A       100%        4
 Sticky Flame             Fire/Alch      0%         2d4       100%        4
 Summon Blazeheart Golem  Fire/Summ      0%         N/A       100%        4
 Vhi's Electric Charge    Tloc/Air       0%         N/A       100%        4
 Alistair's Intoxication  Alch           0%         N/A       100%        5
 Arcjolt                  Conj/Air       0%         1d10      100%        5
 Borgnjor's Vile Clutch   Necr/Erth      2%         N/A       100%        5
 Curse of Agony           Necr           10%        N/A       100%        5
 Fireball                 Conj/Fire      0%         3d3       100%        5
 Freezing Cloud           Conj/Ice/Air   0%         6-21      100%        5
 Iskenderun's Battlesphe  Conj           0%         2d6       100%        5
 Lee's Rapid Deconstruct  Erth           0%         3d4*      100%        5
 Silence                  Hex/Air        0%         N/A       100%        5
 Summon Forest            Summ/Tloc      0%         N/A       100%        5
 Summon Mana Viper        Hex/Summ       0%         N/A       100%        5
 Yara's Violent Unravell  Hex/Alch       0%         3d3       100%        5
 Bombard                  Conj/Erth      0%         9d1       100%        6
 Conjure Ball Lightning   Conj/Air       0%         3x3d6     100%        6
 Death Channel            Necr           5%         N/A       100%        6
 Dispersal                Tloc           0%         N/A       100%        6
 Eringya's Noxious Bog    Alch           0%         4d6       100%        6
 Plasma Beam              Fire/Air       0%         2x1d10    100%        6
 Starburst                Conj/Fire      0%         6d3       100%        6
 Summon Cactus Giant      Summ           0%         N/A       100%        6
 Haunt                    Necr/Summ      2%         N/A       100%        7
 Monstrous Menagerie      Summ           0%         N/A       100%        7
 Orb of Destruction       Conj           0%         9d5       100%        7
 Ozocubu's Refrigeration  Ice            0%         4d7       100%        7
 Summon Hydra             Summ           0%         N/A       100%        7
 Discord                  Hex            0%         N/A       100%        8
 Infestation              Necr           5%         N/A       100%        8
 Maxwell's Capacitive Co  Air            0%         ∞         100%        8
 Chain Lightning          Conj/Air       0%         N/A       100%        9
 Death's Door             Necr           5%         N/A       100%        9
 Dragon's Call            Summ           0%         N/A       100%        9
 Fire Storm               Conj/Fire      0%         5d1       100%        9
 Shatter                  Erth           0%         3d5*      100%        9
 Cigotuvi's Dreadful Rot  Necr/Alch/Air  Unusable   N/A       N/A         2
 Animate Dead             Necr           Unusable   N/A       N/A         4

Dungeon Overview and Level Annotations

Branches:
Dungeon (15/15)            Temple (1/1) D:7            Lair (5/5) D:8
  Swamp (4/4) Lair:2       Spider (4/4) Lair:3        Slime (0/5) Lair:4
    Orc (2/2) D:11            Elf (3/3) Orc:2        Vaults (5/5) D:14
  Crypt (0/3) Vaults:2     Depths (4/4) D:15            Zot (0/5) Depths:4
 Bailey (visited)           IceCv (visited)          WizLab (visited)
Desolation (visited)      Gauntlet (visited)

Altars:
Ashenzari
Cheibriados
Dithmenos
Elyvilon
Fedhas
Gozag
Hepliaklqana
Kikubaaqudgha
Makhleb
Nemelex Xobeh
Okawaru
Qazlal
Ru
Sif Muna
Trog
Uskayaw
Vehumet
Wu Jian
Xom
Yredelemnul
Zin
The Shining One
Jiyva
Lugonu

Shops:
D:11 =*=**[!=(   Orc:1 :   Orc:2 ([*:   Elf:1 :=:   Elf:2 !*   Elf:3 ?
Vaults:3 *   Vaults:5 (!   Depths:1 ([   Depths:3 *   Depths:4 *

Portals:
Hell: Depths:1 Depths:2 Depths:3 Depths:4
Abyss: Depths:2 Depths:3
Pandemonium: Depths:1 Depths:2
Ziggurat: Depths:4

Annotations:
D:10 1 runed translucent door, Killmatronix's ghost, journeyman SpBe
Lair:2 1 runed translucent door, Haxyobbu's ghost, journeyman MiFi
Depths:3 exclusion: orange crystal statue


Innate Abilities, Weirdness & Mutations

You are immune to sickness and miasma.
Your stone body is resilient. (AC +19)
You are immune to poison.
Your large and strong wings let you fly.
You resist negative energy. (rN+)
You are resistant to electric shocks. (rElec)
You are resistant to unholy torment.
You are immune to petrification.
Your muscles are strong. (Str +4, Int/Dex -1)
Your health recovers twice as slowly from being drained.


Message History

The golden dragon resists.
Flame seeps out of the golden dragon.
The golden dragon is severely wounded.
The fiery explosion engulfs the tentacled monstrosity!
The tentacled monstrosity resists.
The tentacled monstrosity is moderately wounded.
The fiery explosion engulfs you. You resist.
* * * LOW HITPOINT WARNING * * *
The golden dragon is engulfed in blazing flames.
Flame seeps out of the golden dragon.
The golden dragon closely misses you. You block the golden dragon's attack.
The golden dragon misses you.
The deep troll earth mage is engulfed in blazing flames.
Flame seeps out of the deep troll earth mage.
The tentacled monstrosity is engulfed in blazing flames.
Flame seeps out of the tentacled monstrosity.
The tentacled monstrosity is engulfed in blazing flames. x2
The necromancer gestures wildly while chanting.
The necromancer binds the souls of nearby monsters.
Blink to where?
Press: ? - help, Dir - move target
As you read the scroll of blinking, it crumbles to dust.
The storm dragon is engulfed in blazing flames.
The storm dragon explodes!
The fiery explosion engulfs the golden dragon!
The golden dragon resists.
Flame seeps out of the golden dragon.
The golden dragon is almost dead.
The fiery explosion engulfs the tentacled monstrosity!!
The tentacled monstrosity resists.
The tentacled monstrosity is heavily wounded.
The fiery explosion engulfs the golden dragon!
The golden dragon resists.
Flame seeps out of the golden dragon.
The golden dragon is severely wounded.
The tentacled monstrosity is engulfed in blazing flames.
The golden dragon is engulfed in blazing flames.
Flame seeps out of the golden dragon.
The golden dragon is distracted by your dazzling golden aura.
The tentacled monstrosity is engulfed in blazing flames.
The Brimstone Fiend gestures at you.
The sphere of damnation explodes!
The damnation engulfs you!!!
You die...
Your body crumbles into a pile of gold.

....#......)..# #+++ #####....#..
....#.........###...######....#..
....#...........#.p.T§§§##....#..
....#...........#.QL○9°°##....#..
....#...........#''p#°X§###...#..
....#............2.1#XXD# #...#..
...............$..$.$§D§###......
.......))............§°..[.).....
................@....§§§...).....
........###################e)....
.<<.(............................
<..<....................)........
.<<).........................)...
)................................
..)...#######################....
............. ..... ....#.###....
#.#..


You could see 3 tentacled monstrosities, 2 golden dragons, a dread lich (fast,
empowered, invisible), a Brimstone Fiend (summoned), a tengu reaver (soul bound,
empowered, repels missiles), a hell beast (summoned), a vault guard (inner
flame, soul bound), a deep troll earth mage (inner flame, soul bound, empowered)
and a necromancer (empowered).

Vanquished Creatures
  Frederick (Vaults:4)
  An ancient lich (Vaults:5)
  Bai Suzhen (Depths:1)
  Parghit (Depths:4)
  2 antique champions (WizLab)
  4 golden dragons (Depths:4)
  Nikola (Spider:1)
  Jory (Vaults:3)
  the Enchantress (Depths:3)
  Arachne (Spider:3)
  Rupert (Lair:3)
  3 liches
  Jorgrun (D:12)
  A tentacled monstrosity (Vaults:2)
  Asterion (Spider:1)
  A sphinx (Vaults:4)
  2 titans
  3 deep elf blademasters
  A walking divine tome (Depths:4)
  2 deep elf master archers (Elf:3)
  Kirke (Swamp:1)
  Frances (Swamp:1)
  2 ancient champions (WizLab)
  2 tengu reavers
  Gastronok (D:8)
  A storm dragon (Vaults:5)
  Roxanne (Spider:3)
  2 revenants (Depths:3)
  A fenstrider witch (Swamp:3)
  4 emperor scorpions
  2 imperial myrmidons (Desolation)
  10 fire giants
  3 frost giants
  A draconian shifter (Depths:4)
  4 ghost moths (Spider:4)
  4 deep elf sorcerers (Elf:3)
  2 iron dragons (Depths:3)
  16 vault wardens
  2 deep elf elementalists (Elf:3)
  3 orc warlords
  2 caustic shrike zombies (Depths:3)
  A ghoul (WizLab)
  A draconian stormcaller (Depths:4)
  4 spriggan defenders
  3 balrugs
  A juggernaut zombie (Depths:3)
  16 ironbound preservers
  8 very ugly things
  2 broodmothers (Spider:4)
  4 formless jellyfish
  15 stone giants
  2 juggernaut skeletons
  7 ironbound thunderhulks
  4 deep elf death magi (Elf:3)
  3 deep elf demonologists
  2 purple draconians (Depths:4)
  11 vampire knights
  5 green draconians
  7 war gargoyles
  2 bunyips
  5 eleionomae
  7 spark wasps
  13 deep elf annihilators
  A white draconian (Depths:4)
  A halazid warlock (Desolation)
  A minotaur (Gauntlet)
  10 dire elephants
  A blizzard demon (Depths:2)
  7 crystal guardians
  An eidolon (Depths:2)
  Snorg (D:10)
  A green death (Depths:2)
  11 fire dragons
  8 entropy weavers
  A shambling mangrove (Swamp:2)
  8 ragged hierophants
  Josephine (D:11)
  15 yaktaur captains
  4 jiangshi
  7 ettins
  Fannar (Orc:1)
  Erolcha (Orc:2)
  3 ice dragons
  5 deep elf high priests
  Harold (D:11)
  6 great orbs of eyes
  30 hydras
  37 vault guards
  A caustic shrike simulacrum (IceCv)
  10 peacekeepers
  A juggernaut simulacrum (WizLab)
  A hell beast (Depths:2)
  3 servants of whispers (Desolation)
  12 ironbound frosthearts
  A jorogumo (Spider:1)
  2 radroaches
  6 alligators
  3 spriggan air magi
  A ghost crab (Swamp:4)
  2 sphinx zombies
  11 centaur warriors
  5 two-headed ogres
  5 tengu warriors
  2 sphinx skeletons
  33 dancing weapons
  2 deep troll shamans (Depths:2)
  10 boulder beetles
  An occultist (Depths:2)
  6 death yaks
  3 orc high priests (Orc:2)
  5 deep troll earth magi
  A demonic crawler (Spider:1)
  Urug (D:14)
  A soul eater (Depths:2)
  14 hell knights (Depths:1)
  17 spriggans
  16 deep elf knights
  A hell hog (Lair:5)
  5 spriggan berserkers
  Sonja (D:13)
  8 iron trolls
  A storm dragon zombie (WizLab)
  A sixfirhy (Depths:1)
  9 skeletal warriors
  6 storm dragon skeletons
  6 goliath frogs
  5 pharaoh ants
  A glowing orange brain (shapeshifter) (Elf:1)
  3 golden dragon zombies
  4 spriggan druids
  A death drake (Gauntlet)
  6 flayed ghosts
  A mana viper (shapeshifter) (Depths:3)
  50 deep trolls
  6 orb spiders
  12 swamp dragons
  A spark wasp zombie (Depths:3)
  4 bog bodies
  3 glowing orange brains
  7 deep elf archers
  22 lindwurms
  11 arcanists
  15 ironbound convokers
  6 steelbarb worms
  An orange crystal statue (IceCv)
  A sun moth (Spider:1)
  8 phantasmal warriors
  A harpy (shapeshifter) (Elf:1)
  5 necromancers
  A wolf spider zombie (Gauntlet)
  A golden dragon skeleton (Depths:3)
  13 orc knights
  A shadow dragon skeleton (Depths:3)
  47 ugly things
  15 wolf spiders
  32 deep elf pyromancers
  A tengu skeleton (Vaults:2)
  A steelbarb worm (shapeshifter) (Depths:3)
  A manticore (D:13)
  19 deep elf zephyrmancers
  4 cyclopes
  6 orc sorcerers
  A stone giant zombie (WizLab)
  A human zombie (Vaults:2)
  6 will-o-the-wisps
  4 meliai
  Maurice (D:11)
  5 elephants (Lair:5)
  2 centaur zombies (Gauntlet)
  6 moths of wrath
  A black mamba (shapeshifter) (D:13)
  4 kobold blastminers
  A frost giant skeleton (Depths:2)
  21 vault sentinels
  9 torpor snails
  4 molten gargoyles (D:9)
  A guardian serpent (shapeshifter) (Elf:1)
  2 guardian serpents (Desolation)
  An eye of devastation (shapeshifter) (Elf:1)
  5 black mambas
  4 large abominations (Gauntlet)
  A cane toad (shapeshifter) (Elf:1)
  A stone giant skeleton (WizLab)
  Maggie (Lair:2)
  15 cane toads
  A gargoyle (D:12)
  3 efreet
  3 rime drakes
  A kobold demonologist (D:13)
  6 komodo dragons
  3 freezing wraiths
  An anaconda simulacrum (IceCv)
  21 yaktaurs
  6 tengu conjurers
  Psyche (D:8)
  A golden dragon simulacrum (Depths:3)
  13 trolls
  Grinder (D:3)
  23 hornets
  10 polar bears
  11 tyrant leeches
  44 saltlings
  12 blink frogs
  A wolf spider simulacrum (D:15)
  5 raiju (Lair:5)
  4 spriggan zombies
  14 tarantellas
  An ettin zombie (WizLab)
  A tarantella (shapeshifter) (Depths:3)
  Prince Ribbit (Lair:2)
  13 dream sheep
  A centaur simulacrum (D:14)
  27 slime creatures
  A stone giant simulacrum (WizLab)
  2 raiju (shapeshifter) (Elf:1)
  An ettin skeleton (WizLab)
  2 shadows
  4 air elementals
  A spriggan (shapeshifter) (Elf:1)
  8 wraiths
  17 jumping spiders
  18 culicivoras
  5 fire elementals
  4 vampires
  7 water elementals
  8 wyverns
  Eustachio (D:5)
  9 basilisks
  3 fire bats (Elf:2)
  A fire bat (shapeshifter) (Vaults:4)
  2 yaks (shapeshifter)
  8 wargs
  71 yaks
  21 vampire mosquitoes
  A steam dragon (D:8)
  2 hogs (Swamp:1)
  17 humans
  42 redbacks
  4 harpy simulacra (IceCv)
  A swamp worm (shapeshifter) (Vaults:5)
  A two-headed ogre zombie (WizLab)
  15 swamp worms
  4 acid dragons
  19 water moccasins
  12 hell hounds (Lair:5)
  2 glowing shapeshifter skeletons (Depths:3)
  10 swamp drakes
  An ice beast (D:8)
  3 sky beasts
  13 black bears
  60 orc warriors
  12 ogres
  21 wolves
  11 small abominations (Gauntlet)
  An ettin simulacrum (WizLab)
  4 laughing skulls
  6 centaurs
  A phantom (D:5)
  19 bullfrogs
  A kobold brigand (D:6)
  4 earth elementals
  2 scorpions
  A two-headed ogre simulacrum (WizLab)
  3 human skeletons
  2 cyclops skeletons (WizLab)
  19 killer bees
  2 lindwurm simulacra (IceCv)
  A swamp dragon simulacrum (WizLab)
  4 howler monkeys
  A lava snake (D:9)
  A bombardier beetle (D:5)
  A hound (D:7)
  14 jellies
  25 orc priests
  A cyclops simulacrum (WizLab)
  Terence (D:3)
  2 iguanas (D:6)
  29 orc wizards
  7 hell rats
  4 adders
  11 gnolls
  10 river rats (Lair:4)
  A shadow imp (D:6)
  3 white imps
  2 ufetubi (D:6)
  3 dart slugs
  5 ribbon worms
  111 orcs
  7 bats
  9 endoplasms
  7 giant cockroaches
  12 goblins
  16 hobgoblins
  7 jackals
  4 quokkas
  4 ball pythons
  7 frilled lizards
  14 kobolds
  6 rats
2077 creatures vanquished.

Vanquished Creatures (collateral kills)
  Agnes (D:13)
  A centaur warrior (D:13)
  2 humans (D:13)
4 creatures vanquished.

Vanquished Creatures (others)
  A swamp dragon (Swamp:1)
  2 bloated husks (Swamp:1)
  An air elemental (Elf:3)
  A wolf (Lair:5)
  An orc priest (Orc:1)
  An orc wizard (Orc:2)
  An orc (Orc:2)
  20 foxfires
28 creatures vanquished.

Grand Total: 2109 creatures vanquished

Notes
Turn   | Place    | Note
-------+----------+-------------------------------------------
     0 | D:1      | inmateoo the Gargoyle Fighter began the quest for the Orb.
     0 | D:1      | Reached XP level 1. HP: 14/14 MP: 1/1
    79 | D:1      | Reached XP level 2. HP: 19/19 MP: 2/2
   359 | D:1      | Reached XP level 3. HP: 23/23 MP: 3/3
  1045 | D:2      | Found the +7 sceptre of Torment {pain, torment}
  1218 | D:2      | Reached skill level 1 in Dodging
  1218 | D:2      | Reached XP level 4. HP: 27/28 MP: 4/4
  1629 | D:3      | Noticed Grinder
  1640 | D:3      | Paralysed by Grinder for 4 turns
  1657 | D:3      | Killed Grinder
  1658 | D:3      | Reached XP level 5. HP: 14/33 MP: 5/5
  1658 | D:3      | Reached XP level 6. HP: 16/38 MP: 6/6
  1808 | D:3      | Noticed Terence
  1814 | D:3      | Killed Terence
  2118 | D:4      | Reached XP level 7. HP: 44/44 MP: 7/7
  2162 | D:4      | You fall into a shaft and drop 1 floor!
  2162 | D:5      | Entered Level 5 of the Dungeon
  2247 | D:5      | Noticed Eustachio
  2257 | D:5      | Killed Eustachio
  2258 | D:5      | Reached skill level 5 in Fighting
  2258 | D:5      | Reached skill level 5 in Maces & Flails
  2258 | D:5      | Reached skill level 5 in Armour
  2263 | D:5      | Reached skill level 5 in Shields
  2321 | D:5      | Noticed a troll
  2327 | D:5      | Killed a troll
  2328 | D:5      | Reached XP level 8. HP: 32/49 MP: 8/8
  2345 | D:5      | Identified the +2 dagger of Doom {chaos, rF+}
  4269 | D:6      | Reached XP level 9. HP: 55/55 MP: 9/9
  5277 | D:7      | Found a staircase to the Ecumenical Temple.
  5630 | Temple   | Entered the Ecumenical Temple
  5659 | Temple   | Became a worshipper of Gozag Ym Sagoz the Greedy
  5706 | D:8      | Noticed Gastronok
  5706 | D:8      | Noticed Psyche
  5709 | D:8      | Killed Psyche
  5715 | D:8      | Killed Gastronok
  5716 | D:8      | Reached XP level 10. HP: 63/63 MP: 10/10
  5780 | D:8      | Found a white marble altar of Elyvilon.
  5780 | D:8      | Found a blossoming altar of Fedhas.
  5787 | D:8      | Found a sparkling altar of Nemelex Xobeh.
  5791 | D:8      | Found a shadowy altar of Dithmenos.
  5798 | D:8      | Found a burning altar of Makhleb.
  5802 | D:8      | Found a shimmering blue altar of Sif Muna.
  5877 | D:8      | Reached skill level 5 in Dodging
  5902 | D:8      | Found a staircase to the Lair.
  6142 | D:8      | Noticed a two-headed ogre
  6152 | D:8      | Killed a two-headed ogre
  6153 | D:8      | Reached skill level 10 in Maces & Flails
  6153 | D:8      | Reached XP level 11. HP: 40/68 MP: 11/11
  7201 | D:10     | Entered Level 10 of the Dungeon
  7345 | D:10     | Noticed a two-headed ogre
  7352 | D:10     | Killed a two-headed ogre
  7474 | D:10     | Noticed Snorg
  7484 | D:10     | Killed Snorg
  7524 | D:10     | Found a runed translucent door.
  7541 | D:10     | Noticed Killmatronix's ghost (journeyman SpBe)
  7542 | D:10     | Noticed an ogre mage
  7613 | D:10     | Noticed a two-headed ogre
  7617 | D:10     | Killed a two-headed ogre
  7731 | D:10     | Found a flagged portal.
  7753 | Bailey   | Entered a bailey
  7934 | Bailey   | Noticed an orc knight
  7947 | Bailey   | Killed an orc knight
  7967 | Bailey   | Reached XP level 12. HP: 63/76 MP: 12/12
  8153 | Bailey   | Noticed an orc warlord
  8173 | Bailey   | Killed an orc warlord
  8206 | Bailey   | Identified the +0 hand axe "Vitedy" {freeze, Will+}
  8663 | D:10     | Reached XP level 13. HP: 87/87 MP: 13/13
  8664 | D:10     | Reached skill level 15 in Fighting
  8664 | D:10     | Gained mutation: Your large and strong wings let you fly.
                  | [Gargoyle growth]
  8664 | D:10     | Reached XP level 14. HP: 98/98 MP: 14/14
  8773 | D:11     | Found a staircase to the Orcish Mines.
  8959 | D:11     | Noticed Josephine
  8966 | D:11     | Killed Josephine
  8996 | D:11     | Found Ebergh's Distillery.
  9004 | D:11     | Bought a potion of heal wounds for 70 gold pieces
  9004 | D:11     | Bought a potion of heal wounds for 70 gold pieces
  9004 | D:11     | Bought a potion of enlightenment for 70 gold pieces
  9004 | D:11     | Bought a potion of brilliance for 56 gold pieces
  9004 | D:11     | Bought a potion of haste for 140 gold pieces
  9004 | D:11     | Bought a potion of curing for 42 gold pieces
  9004 | D:11     | Bought a potion of might for 56 gold pieces
  9021 | D:11     | Found Impelij's Weapon Shoppe.
  9083 | D:11     | Noticed Maurice
  9105 | D:11     | Found Mytsizozee's Jewellery Shoppe.
  9106 | D:11     | Killed Maurice
  9122 | D:11     | Bought the ring of Ozufenki {rPois rC+ rCorr Int-4} for 434
                  | gold pieces
  9122 | D:11     | Bought the ring "Niloan" {Will+ Dex+2} for 470 gold pieces
  9157 | D:11     | Noticed Harold
  9165 | D:11     | Killed Harold
  9166 | D:11     | Reached skill level 10 in Armour
  9731 | D:12     | Identified the +8 scimitar "Qiapt" {chaos, Will+ Str+8}
  9889 | D:12     | Reached skill level 10 in Shields
 11205 | D:13     | Noticed Jorgrun
 11205 | D:13     | Noticed Sonja
 11250 | D:12     | Killed Jorgrun
 11376 | D:13     | Killed Sonja
 11377 | D:13     | Reached XP level 15. HP: 97/104 MP: 15/15
 11909 | D:14     | Noticed Urug
 11909 | D:14     | Found a gate to the Vaults.
 11911 | D:14     | Noticed Agnes
 12124 | D:13     | Killed Agnes
 12269 | D:14     | Killed Urug
 13019 | D:15     | Entered Level 15 of the Dungeon
 14040 | D:15     | Found a staircase to the Depths.
 14180 | D:15     | Found a shimmering blue altar of Sif Muna.
 15028 | Lair:1   | Entered Level 1 of the Lair of Beasts
 15335 | Lair:1   | Reached XP level 16. HP: 111/111 MP: 16/16
 15865 | Lair:2   | Found a gate leading to a gauntlet.
 15874 | Gauntlet | Entered a Gauntlet
 15874 | Gauntlet | Found a transporter.
 15882 | Gauntlet | Found a transporter.
 15886 | Gauntlet | Found a transporter.
 15894 | Gauntlet | Found a transporter.
 15894 | Gauntlet | Found the +9 sword of Zonguldrok {reap}
 15898 | Gauntlet | Found a transporter.
 15906 | Gauntlet | Found a transporter.
 15910 | Gauntlet | Found a transporter.
 15922 | Gauntlet | Found a transporter.
 15923 | Gauntlet | Found a transporter.
 15933 | Gauntlet | Found a transporter.
 15961 | Gauntlet | Found a transporter.
 15973 | Gauntlet | Found a transporter.
 15986 | Gauntlet | Found a transporter.
 15999 | Gauntlet | Found a transporter.
 16231 | Gauntlet | Reached skill level 15 in Maces & Flails
 16404 | Gauntlet | Identified the ring of Eledamer {Dex+5 SInv}
 16459 | Gauntlet | Identified the amulet "Bugacwel" {RegenMP Fly}
 16513 | Gauntlet | Identified the +3 ring mail "Omudgh" {Str+3}
 16636 | Lair:2   | Noticed Maggie
 16658 | Lair:2   | Killed Maggie
 16704 | Lair:2   | Found a staircase to the Swamp.
 16794 | Lair:2   | Found a runed translucent door.
 16794 | Lair:2   | Found a shimmering altar of Xom.
 16794 | Lair:2   | Noticed Haxyobbu's ghost (journeyman MiFi)
 16813 | Lair:2   | Noticed Prince Ribbit
 16836 | Lair:2   | Killed Prince Ribbit
 17761 | Lair:3   | Found a hole to the Spider Nest.
 18432 | Lair:4   | Noticed Rupert
 18492 | Lair:3   | Killed Rupert
 18820 | Lair:4   | Found a staircase to the Slime Pits.
 18821 | Lair:4   | Found a viscous altar of Jiyva.
 19325 | Lair:5   | Entered Level 5 of the Lair of Beasts
 19445 | Lair:5   | Reached XP level 17. HP: 35/119 MP: 17/17
 19985 | Lair:5   | Identified the +1 chain mail of the Baku {Harm rPois}
 21206 | Orc:1    | Entered Level 1 of the Orcish Mines
 21229 | Orc:1    | Noticed Fannar
 21261 | Orc:1    | Killed Fannar
 21621 | Orc:1    | Found Eduad's Book Shoppe.
 21722 | Orc:2    | Entered Level 2 of the Orcish Mines
 21865 | Orc:2    | Found a staircase to the Elven Halls.
 21949 | Orc:2    | Gained mutation: Your muscles are strong. (Str +4, Int/Dex
                  | -1) [a neqoxec]
 21951 | Orc:2    | Reached skill level 10 in Dodging
 22286 | Orc:2    | Noticed Erolcha
 22303 | Orc:2    | Killed Erolcha
 22665 | Orc:2    | Found Cuysouff's Antique Armour Emporium.
 22666 | Orc:2    | Found Jabahoz's Antique Weapon Emporium.
 22668 | Orc:2    | Found Kukylavi's General Store.
 22668 | Orc:2    | Found Jixiem's Book Shoppe.
 22673 | Orc:2    | Bought a scroll of blinking for 97 gold pieces
 23278 | D:11     | Bought the +0 mask of the Dragon {Will+ Slay+3 SInv} for
                  | 400 gold pieces
 23278 | D:11     | Found the +0 mask of the Dragon {Will+ Slay+3 SInv}
 23291 | D:11     | Bought a scroll of identify for 44 gold pieces
 23291 | D:11     | Bought a scroll of enchant weapon for 165 gold pieces
 23293 | D:11     | Bought a sedimented cyan potion for 34 gold pieces
 23293 | D:11     | Bought a scroll of blinking for 285 gold pieces
 23433 | Swamp:1  | Entered Level 1 of the Swamp
 23434 | Swamp:1  | Noticed Kirke
 23450 | Swamp:1  | Killed Kirke
 23480 | Swamp:1  | Reached skill level 1 in Necromancy
 23507 | Swamp:1  | Noticed Frances
 23515 | Swamp:1  | Killed Frances
 23582 | Swamp:1  | Reached XP level 18. HP: 119/128 MP: 18/18
 24074 | D:11     | Bought a +3 plate armour of fire resistance for 540 gold
                  | pieces
 24985 | Swamp:2  | Identified the +3 great sword of Amorality {flame, rCorr
                  | Str+2 Int+2}
 25915 | Swamp:4  | Entered Level 4 of the Swamp
 26552 | Swamp:4  | Got a decaying rune of Zot
 26779 | Spider:1 | Entered Level 1 of the Spider Nest
 26802 | Spider:1 | Reached XP level 19. HP: 57/135 MP: 19/19
 27084 | Spider:1 | You are sucked into a shaft and drop 1 floor!
 27191 | Spider:1 | Identified the +0 cloak of Waniz {rCorr MP+9 Str+5}
 27364 | Spider:1 | Noticed Nikola
 27384 | Spider:1 | Killed Nikola
 27455 | Spider:1 | Noticed Asterion
 27464 | Spider:1 | Killed Asterion
 28466 | Spider:3 | Noticed Roxanne
 28486 | Spider:3 | Killed Roxanne
 28558 | Spider:3 | Reached skill level 15 in Armour
 28753 | Spider:3 | Noticed Arachne
 28768 | Spider:3 | Killed Arachne
 29476 | Spider:4 | Entered Level 4 of the Spider Nest
 29561 | Spider:4 | Found a glacial archway.
 29637 | IceCv    | Entered an ice cave
 29732 | IceCv    | Found a transporter.
 29742 | IceCv    | Found a transporter.
 29965 | Spider:4 | Reached skill level 15 in Shields
 30128 | Spider:4 | Reached skill level 5 in Necromancy
 30450 | Spider:4 | Got a gossamer rune of Zot
 31184 | Elf:1    | Entered Level 1 of the Elven Halls
 31256 | Elf:1    | Paralysed by an air elemental for 1 turns
 31274 | Elf:1    | Found Anoaloir's Jewellery Shop.
 31275 | Elf:1    | Found Lesesis's Book Shoppe.
 31275 | Elf:1    | Found Edumoav's Book Shoppe.
 31311 | Elf:1    | Reached XP level 20. HP: 144/144 MP: 20/20
 31544 | Elf:1    | Got Gioz's Secrets of Formulae
 31559 | Elf:1    | Got the Compendium of the Bruised Knives
 31849 | Elf:1    | Identified the +4 longbow of Seriejuss {drain, rPois Will-
                  | rCorr Int+3}
 32364 | Elf:2    | Found Polugosk's Elven Fire.
 32602 | Elf:2    | Found a runed translucent gate.
 32785 | Elf:2    | Found Leusucek's Distillery.
 32792 | Elf:2    | Bought a potion of haste for 120 gold pieces
 32792 | Elf:2    | Bought a potion of resistance for 120 gold pieces
 32792 | Elf:2    | Bought a potion of curing for 36 gold pieces
 32792 | Elf:2    | Bought a potion of curing for 36 gold pieces
 32792 | Elf:2    | Bought a potion of curing for 36 gold pieces
 32792 | Elf:2    | Bought a potion of heal wounds for 60 gold pieces
 32961 | Elf:2    | Found a runed translucent gate.
 32962 | Elf:2    | Found a runed translucent gate.
 33539 | Elf:3    | Entered Level 3 of the Elven Halls
 33581 | Elf:3    | Paralysed by an air elemental for 1 turns
 33730 | Elf:3    | Found Pesar's Magic Scroll Shoppe.
 33758 | Elf:3    | Bought a scroll of teleportation for 33 gold pieces
 33758 | Elf:3    | Bought a scroll of revelation for 82 gold pieces
 34276 | Elf:3    | Reached XP level 21. HP: 68/151 MP: 21/21
 34278 | Elf:3    | Paralysed by an air elemental for 1 turns
 34494 | Elf:3    | Identified the +10 whip of Qinlogeth {flame, rPois Int+3}
 34494 | Elf:3    | Identified the +0 robe "Peifowyu" {Fly}
 34578 | Elf:3    | Identified the ring of Accord {Ice rElec rPois rCorr Str+2}
 34606 | Elf:3    | Identified the staff of Joask {rPois Dex+5 Conj}
 34620 | Elf:3    | Identified the +0 double sword of Descent {elec, Dex+4}
 34626 | Elf:3    | Identified the +1 leather armour of Ydaripast {Dex+3}
 34681 | Elf:3    | Identified the ring "Sirgha" {Fly rPois rN++ rCorr Dex-5}
 34709 | Elf:3    | Got the Treatise on the Ghastly Union
 34712 | Elf:3    | Identified the +11 chain mail "Pebeamp" {rN++ Dex+2}
 34983 | Vaults:1 | Entered Level 1 of the Vaults
 36403 | Vaults:2 | Got the Vellum of Impurities and Misery
 36642 | Vaults:2 | Reached XP level 22. HP: 132/158 MP: 22/22
 36950 | Vaults:2 | Found a staircase to the Crypt.
 36950 | Vaults:2 | Found a basalt altar of Yredelemnul.
 36952 | Vaults:2 | Found an ancient bone altar of Kikubaaqudgha.
 37296 | Vaults:3 | Found Luci Coh's Assorted Antiques.
 37306 | Vaults:3 | Bought 2 potions of berserk rage for 200 gold pieces
 37306 | Vaults:3 | Bought a scroll of enchant armour for 150 gold pieces
 37306 | Vaults:3 | Bought a scroll of teleportation for 60 gold pieces
 37306 | Vaults:3 | Bought a fizzy sapphire potion for 18 gold pieces
 37432 | Vaults:3 | Found a crumbling gateway.
 37449 | Desolati | Entered the Desolation of Salt
 37609 | Desolati | Identified the +6 double sword of the Eleven Tables {spect,
                  | rPois rN++ Str+3 Int-2}
 37609 | Desolati | Identified the ring "Duze" {rPois Will+ Int-4 Slay-4
                  | Stlth+}
 37646 | Desolati | Identified the +1 dagger of Execution {venom, rElec rF- rN+
                  | Int+3}
 37654 | Desolati | Identified the ring "Duach" {Ice Will++ Int+3 Dex-3}
 37713 | Desolati | Identified the ring of Disaster {rPois Will+ EV+5 Int-4
                  | SInv}
 37716 | Desolati | Identified the ring "Woema" {Fly rPois Slay+2}
 37722 | Desolati | Identified the +10 pearl dragon scales "Mezowk" {Harm rN+
                  | Int+2}
 38128 | Desolati | Identified the +5 shortbow of Foolhardiness {freeze, rPois
                  | rCorr Str-5 Int+3}
 38129 | Desolati | Identified the ring "Bahiydwa" {rF- rC+ Int+2 Dex+2 SInv}
 38131 | Desolati | Identified the ring "Tieghum" {Fly rPois rC+ rCorr Int+4}
 38329 | Vaults:3 | Noticed Jory
 38341 | Vaults:3 | Killed Jory
 38914 | Vaults:3 | Reached XP level 23. HP: 164/164 MP: 23/23
 39059 | Vaults:4 | Identified the orb "Neefit" {*channel, rN+++ Int+3 Dex-2
                  | Alchemy}
 39059 | Vaults:4 | Noticed Frederick
 39070 | Vaults:4 | Killed Frederick
 40760 | Depths:1 | Entered Level 1 of the Depths
 40760 | Depths:1 | Found a gateway to Hell.
 40769 | Depths:1 | Found a magical portal.
 40778 | WizLab   | Entered Zonguldrok's Shrine
 41173 | WizLab   | Identified the +5 double sword "Hell-Harrower" {pain,
                  | Int+6}
 41173 | WizLab   | Noticed an antique champion
 41173 | WizLab   | Noticed an antique champion
 41189 | WizLab   | Killed an antique champion
 41203 | WizLab   | Killed an antique champion
 41720 | Depths:1 | Found a basalt altar of Yredelemnul.
 41755 | Depths:1 | Found Nadixiag's Antique Armour Shop.
 41755 | Depths:1 | Found Tuemoxtumo's Weapon Boutique.
 41760 | Depths:1 | Noticed Bai Suzhen
 41774 | Depths:1 | Killed Bai Suzhen
 41775 | Depths:1 | Reached XP level 24. HP: 143/172 MP: 23/23
 41807 | Depths:1 | Bought a bloodstained cloak for 370 gold pieces
 41807 | Depths:1 | Identified the +2 cloak of Nihilism {Regen+ Dex-4 Slay+3
                  | SInv} (You bought it in a shop on level 1 of the Depths)
 41807 | Depths:1 | Bought a pair of glowing boots for 292 gold pieces
 42101 | Depths:1 | Found a one-way gate leading to the halls of Pandemonium.
 43214 | Depths:2 | Found a corrupted altar of Lugonu.
 43214 | Depths:2 | Found a one-way gate to the infinite horrors of the Abyss.
 43964 | Depths:3 | Noticed the Enchantress
 44004 | Depths:3 | Killed the Enchantress
 44114 | Depths:3 | Found Xatod Ukka's Assorted Antiques.
 44122 | Depths:3 | Bought a potion of curing for 147 gold pieces
 44122 | Depths:3 | Bought a scroll of identify for 98 gold pieces
 44122 | Depths:3 | Bought a potion of mutation for 392 gold pieces
 44122 | Depths:3 | Bought a scroll of fear for 196 gold pieces
 44122 | Depths:3 | Bought a scroll of teleportation for 147 gold pieces
 44492 | Depths:3 | Gained mutation: Your health recovers twice as slowly from
                  | being drained. [a shining eye]
 44724 | Depths:4 | Entered Level 4 of the Depths
 44724 | Depths:4 | Noticed Parghit
 44801 | Depths:4 | Found a one-way gateway to a ziggurat.
 45011 | Depths:4 | Killed Parghit
 45012 | Depths:4 | Reached XP level 25. HP: 179/179 MP: 23/23
 45120 | Depths:4 | Found Wosoa's Assorted Antiques.
 45654 | Depths:4 | Found a gate to the Realm of Zot.
 45969 | Vaults:5 | Entered Level 5 of the Vaults
 46006 | Vaults:4 | Reached skill level 1 in Invocations
 46018 | Vaults:4 | Reached skill level 15 in Dodging
 46557 | Vaults:5 | Found Xoekhoan's Distillery.
 46557 | Vaults:5 | Found Fiat's Antique Weapon Boutique.
 46558 | Vaults:5 | Noticed an ancient lich
 46564 | Vaults:5 | Noticed a dread lich
 46574 | Vaults:5 | Killed an ancient lich
 46577 | Vaults:5 | Killed from afar by a Brimstone Fiend

Illustrated notes

Levels and vault maps discovered:
D:1:      eino_arrival_tree_alley, layout_rooms
D:2:      layout_basic, minmay_bisected
D:3:      layout_rooms, uniq_grinder, uniq_terence
D:4:      layout_basic
D:5:      layout_basic, minmay_misc_feat_plants, uniq_eustachio
D:6:      layout_basic, lemuel_flamethrower_1
D:7:      layout_layer_cave, minmay_temple_entry_purple_smoke, grunt_tough_drop
D:8:      layout_basic, nicolae_overflow_hallway_of_the_gods,
          due_lair_maze_entry_diamond, uniq_gastronok, uniq_psyche
D:9:      hellmonk_crumbling_castle, layout_irregular_city, minivault_8
D:10:     layout_basic, ebering_ghost_inner_flame, enter_bailey_7,
          minmay_hedge_maze, hex_medium, lightli_church_of_beogh, uniq_snorg
D:11:     layout_roguey, orc_0_dummy, serial_shops,
          nicolae_shop_advertising_works [nicolae_subvault_shop_adworks],
          nicolae_diamond_shop, nicolae_square_shop, uniq_josephine,
          uniq_maurice, uniq_harold
D:12:     layout_rooms
D:13:     minmay_skewed_foursquare, layout_irregular_city, uniq_jorgrun,
          uniq_sonja
D:14:     layout_rooms, david_vaults_3, serial_aquarium,
          aquarium_bridge_island_small [aquarium_subvault_small_water,
          aquarium_subvault_window, aquarium_subvault_bridge,
          aquarium_subvault_wall, aquarium_subvault_bridge],
          aquarium_bridge_long_joined [aquarium_subvault_window,
          aquarium_subvault_bridge, aquarium_subvault_wall,
          aquarium_subvault_balcony, aquarium_subvault_window,
          aquarium_subvault_balcony], aquarium_window_1, aquarium_window_fake,
          aquarium_window_fake, aquarium_window_fake, aquarium_view_2c,
          aquarium_view_2a, aquarium_balcony_5b, aquarium_pool_four,
          serial_park_tiny_1, kennysheep_another_room, uniq_agnes
D:15:     gammafunk_depths_entry_grave, layout_rooms,
          chequers_hall_statues_wall_a, led_sif_book
Temple:   kb_temple_of_zot
Lair:1:   layout_gridlike, grunt_megastairs_5, infiniplex_staircase_pool_2
Lair:2:   layout_regular_city, minmay_swamp_entry_reptiles,
          gauntlet_entry_generic, ebering_ghost_xom, uniq_maggie,
          uniq_prince_ribbit2
Lair:3:   layout_regular_city, nicolae_spider_entry_lesser_pyramids
Lair:4:   layout_big_grid, minmay_slime_entry_jelly_boxes, kennysheep_rathole,
          grunt_megastairs_2, uniq_rupert
Lair:5:   wormcave, layout_regular_city, hangedman_lair_caniforms_friends,
          lemuel_fruit_tree
Swamp:1:  layout_basic_swamp, nicolae_swamp_small_spring,
          nicolae_swamp_tree_isthmus, uniq_frances, uniq_kirke
Swamp:2:  layout_falls_marsh, nicolae_swamp_dense_foliage, swamp_pool_3,
          hangedman_swamp_dais
Swamp:3:  layout_basic_swamp, serial_swamp_ruin, evilmike_swamp_ruin_house_3,
          evilmike_swamp_ruin_house_6, swamp_pool_4
Swamp:4:  swamp_fiery, layout_basic_swamp, infiniplex_staircase_pool
Spider:1: layout_spider_delve, uniq_nikola, uniq_asterion
Spider:2: layout_spider_delve
Spider:3: layout_cave_pods, uniq_arachne, uniq_roxanne
Spider:4: grunt_spider_rune_parallel, portal_ice_cave_entry_pillars_four
Orc:1:    layout_diamond_mine, serial_shops, nicolae_shop_real_fake_doors,
          special_room [special_room_orc], uniq_fannar
Orc:2:    st_orc_congregation, layout_diamond_mine, basic_altar, uniq_erolcha
Elf:1:    cheibrodos_salmonella, layout_geoelf_diagonals,
          nicolae_elf_shapeshifter_party, minmay_shop_grove
Elf:2:    nicolae_elf_blades_crystal_corner, layout_loops_corners, serial_shops,
          shop, guppyfry_elf_lava
Elf:3:    minmay_elf_hall_dome, layout_geoelf_diagonals, serial_shops,
          shop_scrolls, dreamdust_princess_corridor, grunt_ministairs_10
Vaults:1: nicolae_vaults_angled_halls, v_misc_2,
          nicolae_vaults_layer_cake_slice, serial_library_hellmonk_big_corner,
          ontoclasm_vaults_bender, hangedman_vaults_maws,
          vaults_mumra_minichess, v_misc_18, nicolae_vaults_apartment_2,
          nicolae_vaults_trapezoid_2, nicolae_vaults_variable_pillar_hall,
          nicolae_vaults_security_offices_4, vaults_room_pool,
          layout_vaults_omnicross
Vaults:2: minmay_crypt_entry_necro_gods, nicolae_vaults_more_shelving_1,
          hangedman_vaults_cutoff, vaults_standard_mumra_x,
          nicolae_vaults_octothorpe, nicolae_vaults_security_offices_3,
          v_misc_25, nicolae_vaults_network_star, nicolae_vaults_turnstiles,
          ontoclasm_vaults_spin, ontoclasm_vaults_idyll, vaults_dpeg_hooks,
          nicolae_vaults_trapezoid_lopsided_1, layout_vaults_ring
Vaults:3: portal_desolation_entry_salt, v_pattern_1, v_misc_19,
          ontoclasm_vaults_ring_small, grunt_vaults_funnel,
          nicolae_vaults_border_crossing, nicolae_vaults_two_Ls,
          hangedman_vaults_slice, layout_vaults_big_room, serial_shops, shop,
          uniq_jory
Vaults:4: ontoclasm_vaults_idyll, vaults_mumra_minichess_inversion,
          nicolae_vaults_network_quinsquares
          [nicolae_vaults_network_quincunx_subvault,
          nicolae_vaults_network_quincunx_subvault,
          nicolae_vaults_network_quincunx_subvault,
          nicolae_vaults_network_quincunx_subvault], nicolae_vaults_wrenched,
          nicolae_vaults_closet_pinwheel_6, nicolae_vaults_variable_pillar_hall,
          ontoclasm_vaults_ligature, grunt_vaults_diagonal,
          nicolae_vaults_murder_corner, v_misc_18, nicolae_vaults_theta,
          ontoclasm_vaults_claustrophobia, nicolae_vaults_gold_heap,
          nicolae_vaults_bisected_inception, nicolae_vaults_mitosis,
          layout_vaults_maze_bifur, uniq_frederick
Vaults:5
Depths:1: layout_basic, rand_demon_pan_entry_9, hex_intersection,
          mu_enter_wizlab_7, hell_entry, moated_statue, minmay_crystal_water,
          lemuel_zombie_altar_yredelemnul, minmay_shoptagon, uniq_bai_suzhen
Depths:2: nicolae_cairo_tiling_large, layout_twisted_cross,
          abyss_entry_flame_altar, grunt_mini_vestibule, minmay_misc_feat_tiny,
          rand_demon_pan_entry_3, uniq_josephina
Depths:3: hangedman_screamer, layout_gridlike, grunt_hell_entry_dis_grunt,
          serial_shops, shop, abyss_entry, hangedman_glass_teeth,
          minmay_protected_statue, minmay_staircase_statues_hall_small,
          uniq_enchantress
Depths:4: grunt_zot_entry_hairpin, layout_cross, enter_ziggurat_a,
          minmay_misc_feat_five, hangedman_tar_grid_catacomb, serial_shops,
          shop, kennysheep_random_hallway, uniq_parghit

Skill      XL: |  1  2  3  4  5  6  7  8  9 10 11 12 13 14 15 16 17 18 19 20 21 22 23 24 25 |
---------------+----------------------------------------------------------------------------+-----
Dodging        | 1 2 3 4 5 6 7 8 9 10 11 12 13 14 15 | 15.2
Maces & Flails | 4 5 6 8 10 11 13 14 16 17 18 19 20 21 22 23 24 | 24.8
Fighting       | 4 5 7 8 9 12 15 16 17 19 20 21 22 23 24 | 24.5
Armour         | 4 5 6 7 8 9 10 11 13 14 15 16 17 18 19 | 19.9
Shields        | 4 5 7 8 9 10 11 12 13 14 15 16 17 18 19 | 19.4
Necromancy     | 1 3 5 6 |  6.0
Invocations    | 2 |  2.8

Action                     |  1- 3 |  4- 6 |  7- 9 | 10-12 | 13-15 | 16-18 | 19-21 | 22-24 | 25-27 || total
---------------------------+-------+-------+-------+-------+-------+-------+-------+-------+-------++-------
  Melee: Flail             |   161 |       |       |       |       |       |       |       |       ||   161
         Eveningstar       |    11 |    62 |   137 |   383 |   675 |  1601 |  1343 |  1537 |   243 ||  5992
 Invoke: Call Merchant     |       |       |       |       |       |     6 |       |       |       ||     6
  Evoke: Condenser vane    |       |       |       |       |       |     2 |     1 |       |       ||     3
         Wand              |       |       |       |       |       |     2 |     4 |     3 |       ||     9
    Use: Scroll            |     5 |     6 |     2 |     6 |     9 |     5 |     2 |     2 |     5 ||    42
         Potion            |       |       |       |     1 |     1 |       |       |     1 |     1 ||     4
   Stab: Distracted        |       |       |       |       |     3 |    13 |     6 |     9 |     1 ||    32
 Armour: Scale mail        |   114 |       |       |       |    24 |    88 |       |       |       ||   226
         Plate armour      |    34 |    47 |   119 |   241 |   561 |   271 |   698 |       |       ||  1971
         Pearl dragon scal |       |       |       |       |       |   354 |       |       |       ||   354
         Chain mail        |       |       |       |       |       |       |   147 |   791 |       ||   938
         Gold dragon scale |       |       |       |       |       |       |       |       |   220 ||   220
  Dodge: Dodged            |   115 |    20 |    40 |   138 |   204 |   376 |   356 |   522 |   107 ||  1878
  Block: Buckler           |    45 |    12 |    49 |   249 |   403 |   116 |       |       |       ||   874
         Reflection        |       |       |     4 |     6 |    29 |    38 |       |       |       ||    77
         Tower shield      |       |       |       |       |       |  1695 |  1222 |  1377 |   331 ||  4625
